General information
- name: BNet
- type: Ladder team game (AT/RT)
- host: Battle.net
- saver: Blahsmack
map: SunrockCove
- players: 6
- length: 11:26
- speed: Fast
- version: 1.21 W3XP
- replay type: Public
» download(59 KB)
Players
team 1 (winner)

»
the.Oddity (
green | 54 APM | 614 actions | 11:23)
4 Archmage
2 Summon Water Elemental
2 Brilliance Aura
» actions
| Assign group hotkey | 16 | |
| Build / train | 30 | |
| Enter build submenu | 13 | |
| Enter hero's abilities submenu | 4 | |
| Right click | 270 | |
| Select / deselect | 103 | |
| Select group hotkey | 150 | |
| Use ability | 28 | |
614 total
» units
| Peasant | 9 | |
| Rifleman | 10 | |
| Mortar Team | 3 | |
22 total
» upgrades
» buildings
| Altar of Kings | 1 | |
| Farm | 7 | |
| Blacksmith | 1 | |
| Barracks | 1 | |
| Keep | 1 | |
| Lumber Mill | 1 | |
| Workshop | 1 | |
13 total
» build order
00:09 Altar of Kings
00:13 Farm
00:22 Blacksmith
01:20 Barracks
02:12 Farm
02:58 Farm
04:12 Farm
05:10 Farm
05:12 Keep
06:36 Farm
08:29 Lumber Mill
08:44 Workshop
10:27 Farm
» items
duckricez[69] (
red | 38 APM | 433 actions | 11:23)
2 Warden
1 Shadow Strike
1 Blink
» actions
| Assign group hotkey | 8 | |
| Basic commands | 3 | |
| Build / train | 33 | |
| ESC pressed | 1 | |
| Enter build submenu | 11 | |
| Enter hero's abilities submenu | 2 | |
| Remove unit from queue | 2 | |
| Right click | 183 | |
| Select / deselect | 106 | |
| Select group hotkey | 53 | |
| Use ability | 31 | |
433 total
» units
| Wisp | 10 | |
| Huntress | 13 | |
| Glaive Thrower | 2 | |
25 total
» upgrades
» buildings
| Altar of Elders | 1 | |
| Moon Well | 6 | |
| Ancient of War | 2 | |
| Hunter's Hall | 1 | |
| Tree of Ages | 1 | |
| Tree of Eternity | 1 | |
12 total
» build order
00:04 Altar of Elders
00:12 Moon Well
01:07 Ancient of War
01:16 Moon Well
02:16 Moon Well
02:50 Hunter's Hall
03:12 Moon Well
04:50 Tree of Ages
07:10 Ancient of War
07:27 Tree of Eternity
09:04 Moon Well
09:06 Moon Well
Blahsmack (
blue | 43 APM | 494 actions | 11:26)
2 Mountain King
1 Thunder Clap
1 Storm Bolt
» actions
| Basic commands | 25 | |
| Build / train | 79 | |
| Enter build submenu | 20 | |
| Enter hero's abilities submenu | 2 | |
| Right click | 146 | |
| Select / deselect | 153 | |
| Use ability | 69 | |
494 total
» units
» upgrades
» buildings
| Lumber Mill | 1 | |
| Scout Tower | 26 | |
| Guard Tower | 45 | |
| Farm | 4 | |
| Altar of Kings | 1 | |
| Town Hall | 1 | |
| Arcane Vault | 1 | |
79 total
» build order
00:13 Lumber Mill
01:15 Scout Tower
01:17 Scout Tower
01:21 Scout Tower
01:23 Scout Tower
01:25 Scout Tower
01:29 Scout Tower
01:36 Scout Tower
01:56 Guard Tower
01:57 Guard Tower
02:00 Guard Tower
02:01 Guard Tower
02:01 Guard Tower
02:06 Guard Tower
02:06 Guard Tower
02:07 Guard Tower
02:19 Guard Tower
02:20 Guard Tower
02:20 Guard Tower
02:45 Farm
03:44 Scout Tower
03:49 Farm
04:09 Guard Tower
04:09 Guard Tower
04:25 Guard Tower
04:27 Scout Tower
04:28 Scout Tower
04:30 Scout Tower
04:47 Scout Tower
04:48 Scout Tower
04:50 Scout Tower
04:52 Scout Tower
04:54 Scout Tower
05:21 Guard Tower
05:21 Guard Tower
05:24 Guard Tower
05:24 Guard Tower
05:39 Altar of Kings
05:50 Guard Tower
05:54 Scout Tower
05:55 Scout Tower
05:56 Scout Tower
05:57 Scout Tower
07:01 Guard Tower
07:01 Guard Tower
07:04 Guard Tower
07:07 Scout Tower
07:09 Scout Tower
07:10 Scout Tower
07:12 Scout Tower
07:13 Scout Tower
07:15 Scout Tower
07:19 Town Hall
07:26 Guard Tower
07:26 Guard Tower
07:33 Farm
08:11 Guard Tower
08:12 Guard Tower
08:20 Guard Tower
08:20 Guard Tower
08:38 Guard Tower
08:38 Guard Tower
08:38 Guard Tower
08:41 Guard Tower
08:41 Guard Tower
08:57 Guard Tower
08:57 Guard Tower
10:06 Guard Tower
10:16 Arcane Vault
10:22 Farm
team 2 (loser)

»
Sad1sticChild (
orange | 55 APM | 336 actions | 06:09)
1 Blademaster
1 Mirror Image
» actions
| Build / train | 18 | |
| Enter build submenu | 6 | |
| Enter hero's abilities submenu | 1 | |
| Right click | 231 | |
| Select / deselect | 72 | |
| Use ability | 8 | |
336 total
» units
| Peon | 7 | |
| Grunt | 7 | |
| Troll Headhunter/Berserker | 2 | |
16 total
» buildings
| Altar of Storms | 1 | |
| Orc Burrow | 3 | |
| Barracks | 1 | |
| War Mill | 1 | |
6 total
» build order
00:11 Altar of Storms
00:15 Orc Burrow
01:12 Barracks
02:17 Orc Burrow
03:30 Orc Burrow
03:37 War Mill

»
TheFaintSmile (
teal | 87 APM | 990 actions | 11:22)
2 Blademaster
1 Wind Walk
1 Critical Strike
» actions
| Assign group hotkey | 10 | |
| Basic commands | 109 | |
| Build / train | 29 | |
| Enter build submenu | 13 | |
| Enter hero's abilities submenu | 2 | |
| Remove unit from queue | 2 | |
| Right click | 220 | |
| Select / deselect | 191 | |
| Select group hotkey | 388 | |
| Use ability | 26 | |
990 total
» units
» upgrades
» buildings
| Altar of Storms | 1 | |
| Orc Burrow | 7 | |
| Barracks | 1 | |
| Voodoo Lounge | 1 | |
| Stronghold | 1 | |
| Beastiary | 2 | |
| Fortress | 0 | |
13 total
» build order
00:16 Altar of Storms
00:29 Orc Burrow
00:41 Barracks
01:45 Orc Burrow
03:24 Voodoo Lounge
03:31 Orc Burrow
05:39 Orc Burrow
06:33 Stronghold
06:36 Orc Burrow
08:17 Orc Burrow
09:55 Orc Burrow
10:30 Beastiary
10:34 Beastiary
11:16 Fortress
» items
| Healing Salve | 1 | |
| Scroll of Speed | 1 | |
2 total
HERCULE(ro) (
pink | 43 APM | 487 actions | 11:20)
» actions
| Assign group hotkey | 6 | |
| Build / train | 24 | |
| Enter build submenu | 9 | |
| Remove unit from queue | 1 | |
| Right click | 278 | |
| Select / deselect | 136 | |
| Select group hotkey | 12 | |
| Use ability | 21 | |
487 total
» units
» buildings
| Altar of Storms | 2 | |
| Orc Burrow | 2 | |
| Barracks | 1 | |
| Watch Tower | 2 | |
| Stronghold | 1 | |
8 total
» build order
00:11 Altar of Storms
00:23 Orc Burrow
00:45 Barracks
02:22 Orc Burrow
03:06 Altar of Storms
06:52 Watch Tower
09:44 Stronghold
09:50 Watch Tower
» items
Chat log
(00:26 / Allies) the.Oddity: hi
(00:30 / Allies) the.Oddity: i make rifels
(01:00 / Allies) duckricez[69]: lol
(01:01 / Allies) duckricez[69]: cool
(01:05 / Allies) the.Oddity: ^^
(01:38 / Allies) duckricez[69]: smart guy
(01:39 / Allies) duckricez[69]: lol
(01:52 / Allies) Blahsmack: gold and lumber
(01:58 / Allies) Blahsmack: gold
(02:04 / Allies) Blahsmack: lumber
(02:12 / Allies) Blahsmack: lumber os what i lack
(02:30 / Allies) the.Oddity: hrero
(02:31 / Allies) duckricez[69]: repair
(02:33 / Allies) the.Oddity: go
(02:37 / Allies) duckricez[69]: coming
(03:50 / All) HERCULE(ro): nooby
(03:52 / Allies) the.Oddity: borrow
(04:16 / Allies) Blahsmack: lumber
(04:21 / Allies) Blahsmack: m,anage your own baseses tooo
(04:59 / Allies) duckricez[69]: get the burrow
(05:39 / All) duckricez[69]: pink
(05:43 / All) duckricez[69]: spell gg pls
(05:54 / All) TheFaintSmile: GG
(06:04 / Allies) the.Oddity: save the money blue
(06:22 / Allies) Blahsmack: you guys do other things now
(06:23 / Allies) duckricez[69]: blue
(06:26 / Allies) Blahsmack: i tower this as an expo
(06:26 / Allies) duckricez[69]: u are so fucking smart
(06:31 / Allies) duckricez[69]: i nv see pl like that before
(06:37 / Allies) Blahsmack: short distance
(06:40 / Allies) Blahsmack: between our camps
(06:46 / Allies) Blahsmack: so i took advantage
(06:52 / All) duckricez[69]: LOL
(06:54 / All) duckricez[69]: TRY PLS
(07:28 / Allies) the.Oddity: go
(07:55 / Allies) Blahsmack: lol
(08:33 / Allies) Blahsmack: get 3 towers green
(09:41 / Allies) the.Oddity: meet red
(09:47 / Allies) duckricez[69]: lets get him
(10:36 / Allies) the.Oddity: go red
(10:55 / All) the.Oddity: ^^
(11:05 / Allies) Blahsmack: ahahaha
(11:09 / All) duckricez[69]: even worker PWNS